 Dungeon Crawl Stone Soup version 0.20.1-2-g1830e616b0 (webtiles) character file.

192 Alfie the Shooter (level 6, 0/46 HPs)
             Began as a Human Hunter on Jan 16, 2020.
             Slain by a river rat (3 damage)
             ... on level 3 of the Dungeon.
             The game lasted 00:09:50 (2501 turns).

Alfie the Shooter (Human Hunter)                    Turns: 2501, Time: 00:09:51

Health: 0/46       AC:  3    Str: 14    XL:     6   Next: 2%
Magic:  6/6        EV: 12    Int: 11    God:
Gold:   115        SH:  0    Dex: 14    Spells: 5/5 levels left

rFire    . . .     SeeInvis .   b - +0 short sword
rCold    . . .     Gourm    .   (no shield)
rNeg     . . .     Faith    .   c - +0 leather armour
rPois    .         Spirit   .   (no helmet)
rElec    .         Reflect  .   (no cloak)
rCorr    .         Harm     .   (no gloves)
MR       .....                  (no boots)
Stlth    ++........             (no amulet)
Regen    0.2/turn               (no ring)
MPRegen  0.1/turn               (no ring)

@: no status effects
A: no striking features
a: no special abilities


You were on level 3 of the Dungeon.
You were not hungry.

You visited 1 branch of the dungeon, and saw 3 of its levels.

You collected 115 gold pieces.

Inventory:

Hand Weapons
 a - a +1 shortbow
 b - a +0 short sword (weapon)
Missiles
 d - 22 arrows
 l - a throwing net (quivered)
Armour
 c - a +0 leather armour (worn)
Scrolls
 e - 2 scrolls of identify {unknown}
 i - 4 scrolls of enchant weapon {unknown}
 j - 2 scrolls of amnesia {unknown}
 m - a scroll of fear {unknown}
 p - a scroll of magic mapping {unknown}
Potions
 h - a potion of mutation {unknown}
 k - a potion of haste
 n - a potion of curing
Comestibles
 f - 4 bread rations
 o - a royal jelly


   Skills:
 + Level 2.4 Fighting
 + Level 6.0 Bows
 + Level 1.8 Armour
 + Level 2.4 Dodging
 + Level 1.2 Stealth


You had 5 spell levels left.
You didn't know any spells.

Dungeon Overview and Level Annotations

Branches:
Dungeon (3/15)

Altars:
Ru


Message History

The river rat is lightly wounded.
You feel yourself slow down. The river rat closely misses you.
The river rat bites you.
* * * LOW HITPOINT WARNING * * *
You completely miss the river rat.
The river rat is lightly wounded.
The river rat closely misses you. The river rat barely misses you.
You barely miss the river rat. The river rat bites you!
* * * LOW HITPOINT WARNING * * *
The river rat closely misses you.
You closely miss the river rat.
The river rat bites you but does no damage.
The river rat barely misses you. x2
You barely miss the river rat. The river rat barely misses you. x2
You closely miss the river rat. The river rat bites you.
* * * LOW HITPOINT WARNING * * *
The river rat misses you.
You hit the river rat but do no damage. The river rat closely misses you. x2
You closely miss the river rat. The river rat bites you.
You die...

##############
#............#
#..@r........#
#...r.≈......#
#...≈≈≈≈≈.≈.##
#.####≈#≈#≈≈#
#. ≈≈≈≈≈≈≈≈#
#.#≈#########
# #


You could see 2 river rats.

Vanquished Creatures
  An orc wizard (D:3)
  Terence (D:3)
  4 gnolls (D:3)
  3 adders
  2 oozes
  2 worms
  3 dart slugs
  2 leopard geckos
  5 orcs (D:3)
  A ball python (D:1)
  2 giant cockroaches (D:1)
  3 goblins (D:1)
  7 hobgoblins
  3 bats
  3 frilled lizards
  3 kobolds
  7 rats
52 creatures vanquished.

Notes
Turn   | Place    | Note
-------+----------+-------------------------------------------
     0 | D:1      | Alfie the Human Hunter began the quest for the Orb.
     0 | D:1      | Reached XP level 1. HP: 16/16 MP: 1/1
   112 | D:1      | Reached XP level 2. HP: 3/22 MP: 2/2
   621 | D:1      | Reached XP level 3. HP: 22/27 MP: 3/3
  1559 | D:2      | Reached skill level 5 in Bows
  1559 | D:2      | Reached XP level 4. HP: 33/33 MP: 4/4
  1715 | D:2      | Reached skill level 1 in Armour
  2073 | D:3      | Reached XP level 5. HP: 39/39 MP: 5/5
  2376 | D:3      | Noticed Terence
  2387 | D:3      | Killed Terence
  2403 | D:3      | Reached XP level 6. HP: 31/46 MP: 6/6
  2405 | D:3      | Reached skill level 6 in Bows
  2434 | D:3      | Found a sacrificial altar of Ru.
  2448 | D:3      | HP: 2/46 [orc priest/divine providence (13)]
  2501 | D:3      | Slain by a river rat

Skill      XL: |  1  2  3  4  5  6 |
---------------+-------------------+-----
Bows           | 5 6 |  6.0
Armour         | 1 |  1.8
Fighting       | |  2.4
Dodging        | |  2.4
Stealth        | |  1.2

Action                   |  1- 3 |  4- 6 || total
-------------------------+-------+-------++-------
Melee: Short sword       |    14 |    11 ||    25
 Fire: Shortbow          |    71 |    86 ||   157
  Use: Scroll            |     1 |     2 ||     3
       Potion            |       |     3 ||     3
  Eat: Meat ration       |     1 |       ||     1
Armor: Leather armour    |     7 |     3 ||    10
Dodge: Dodged            |    13 |    28 ||    41
